 Dungeon Crawl Stone Soup version 0.30.0-29-ga12c61a403 (webtiles) character file.

Game seed: 16037548560956437578

298 AgateBread the Trooper (level 6, 57/57 HPs)
             Began as a Draconian Wanderer on June 26, 2023.
             Was an Initiate of Okawaru.
             Quit the game on level 4 of the Dungeon.
             The game lasted 00:18:29 (4522 turns).

AgateBread the Trooper (Draconian Wanderer)         Turns: 4522, Time: 00:18:30

Health: 57/57      AC:  6    Str: 23    XL:     6   Next: 13%
Magic:  10/10      EV: 11    Int: 16    God:    Okawaru [......]
Gold:   181        SH:  0    Dex: 12    Spells: 7/11 levels left

rFire   . . .        f - +0 flail
rCold   . . .        (no shield)
rNeg    . . .        (body armour unavailable)
rPois   .            (helmet restricted)
rElec   .            (no cloak)
rCorr   .            (no gloves)
SInv    .            (no boots)
Will    .....        y - amulet of magic regeneration
Stlth   +            j - +6 ring of dexterity
HPRegen 0.29/turn    q - +6 ring of strength
MPRegen 0.52/turn

%: no passive effects
@: no status effects
A: AC +6, unfitting armour, cold-blooded
a: Renounce Religion


You were on level 4 of the Dungeon.
You worshipped Okawaru.
Okawaru was noncommittal.
You visited 2 branches of the dungeon, and saw 5 of its levels.

You collected 181 gold pieces.

Inventory:

Hand Weapons
 a - a +0 club
 e - a +0 dagger
 f - a +0 flail (weapon)
 h - a +0 whip
 x - a +0 war axe
Magical Staves
 r - a staff of earth
 v - a staff of conjuration
Jewellery
 j - a +6 ring of dexterity (left hand)
 k - a ring of protection from fire
 o - the ring of Compulsion {Fire rElec rN+++ rCorr Str-5}
   (You took it off a gnoll on level 2 of the Dungeon)

   [ring of fire]

   It enhances your fire magic.
   Str:       It affects your strength (-5).
   rF:        It protects you from fire.
   rC:        It makes you vulnerable to cold.
   rElec:     It insulates you from electricity.
   rN:        It renders you almost immune to negative energy.
   rCorr:     It protects you from acid and corrosion.
 q - a +6 ring of strength (right hand)
 y - an amulet of magic regeneration (around neck)
Wands
 d - a wand of charming (7)
Scrolls
 b - 4 scrolls of enchant weapon {unknown}
 c - 3 scrolls of fog
 m - 4 scrolls of teleportation {unknown}
 p - a scroll of amnesia {unknown}
 s - a scroll of vulnerability {unknown}
 t - a scroll of enchant armour {unknown}
Potions
 g - a potion of mutation
 i - a potion of ambrosia
 l - a potion of attraction {unknown}
 n - a potion of heal wounds {unknown}
 u - 2 potions of curing
 w - a potion of berserk rage {unknown}


   Skills:
 + Level 6.3 Fighting
 - Level 3.0 Spellcasting
 + Level 3.7 Summonings
 - Level 3.8 Evocations


You had 7 spell levels left.
You knew the following spells:

 Your Spells              Type           Power      Damage    Failure   Level
a - Summon Small Mammal   Summ           56%        N/A       4%          1
b - Call Canine Familiar  Summ           14%        N/A       12%         3

Your spell library contained the following spells:

 Spells                   Type           Power      Damage    Failure   Level
 Portal Projectile        Hex/Tloc       4%         N/A       50%         3
 Leda's Liquefaction      Hex/Erth       1%         N/A       88%         4
 Summon Guardian Golem    Hex/Summ       Unusable   N/A       N/A         3

Dungeon Overview and Level Annotations

Branches:
Dungeon (4/15)             Temple (1/1) D:4

Altars:
Ashenzari
Elyvilon
Fedhas
Gozag
Hepliaklqana
Kikubaaqudgha
Makhleb
Okawaru
Ru
Sif Muna
Trog
Vehumet
Wu Jian
Xom
Yredelemnul
Zin

Shops:
D:2 :


Innate Abilities, Weirdness & Mutations

Your plain brown scales are hard. (AC +6)
You cannot fit into any form of body armour.
You are cold-blooded and may be slowed by cold attacks.


Message History

There is a burning altar of Makhleb here.
Done exploring.
Done exploring.
There is an iron altar of Okawaru here.
There is an iron altar of Okawaru here.
There is a burning altar of Makhleb here.
There is a glowing silver altar of Zin here.
There is a white marble altar of Elyvilon here.
There is a shimmering blue altar of Sif Muna here.
There is a white marble altar of Elyvilon here.
There is a glowing silver altar of Zin here.
There is a burning altar of Makhleb here.
There is an iron altar of Okawaru here.
There is a burning altar of Makhleb here.
There is a glowing silver altar of Zin here.
There is a white marble altar of Elyvilon here.
There is a glowing silver altar of Zin here.
There is an iron altar of Okawaru here.
You kneel at the altar of Okawaru.
Okawaru welcomes you!
There is a staircase back to the Dungeon here.
You climb upwards.
Welcome back to the Dungeon!
There is a staircase to the Ecumenical Temple here.
m - 4 scrolls labelled WEBORU SEBA (gained 1)
Found a stone staircase leading up.
A kobold comes into view.
It is wielding a +0 club and quivering poisoned darts.
Found 16 gold pieces.
The kobold shouts!
The kobold throws a poisoned dart.
The poisoned dart misses you.
Found a potion of curing.
An orc comes into view. It is wielding a +0 flail.
The orc shouts!
The kobold throws a poisoned dart.
The poisoned dart barely misses you.
You cannot coerce anything to answer your summons.
Okay, then.
Unknown command.
Okay, then.
Save game and exit?
Okay, then.
Are you sure you want to abandon this character and quit the game? (Confirm with "yes".)

...### ....#. ...... .$...
### . ...#####..###
..!###K#........#
............##..#
.......@........# ###
........<.......#...#
........###..........
.##..#...##........#
....###.#....#.....# ###
........#...##########.#
..#...........######.....
###..#....##...............#
..........#...##.........###


You could see a kobold.

Vanquished Creatures
  A phantom (D:4)
  2 iguanas (D:4)
  2 adders
  3 gnolls
  A dart slug (D:3)
  3 orcs
  2 ball pythons
  4 bats
  An endoplasm (D:3)
  2 giant cockroaches
  5 goblins
  3 hobgoblins
  9 kobolds
  2 quokkas
  5 frilled lizards
  2 rats (D:2)
47 creatures vanquished.

Vanquished Creatures (collateral kills)
  An orc wizard (D:4)
  A gnoll (D:2)
  3 adders
  A worm (D:4)
  An orc (D:4)
  2 endoplasms (D:1)
  A goblin (D:1)
  3 hobgoblins
  2 quokkas
  A bat (D:2)
  A frilled lizard (D:3)
  3 kobolds
  2 rats
22 creatures vanquished.

Vanquished Creatures (others)
  A gnoll (D:2)
  A ball python (D:4)
2 creatures vanquished.

Grand Total: 71 creatures vanquished

Notes
Turn   | Place    | Note
-------+----------+-------------------------------------------
     0 | D:1      | AgateBread the Draconian Wanderer began the quest for the
                  | Orb.
     0 | D:1      | AgateBread set off with the following items: a +0 club, a
                  | potion of lignification, a scroll of fog, a wand of
                  | charming (15); and the following spell memorised: Summon
                  | Small Mammal; and the following spells available to
                  | memorise: Summon Guardian Golem.
     0 | D:1      | Reached XP level 1. HP: 22/22 MP: 4/4
   669 | D:1      | Reached XP level 2. HP: 27/28 MP: 6/6
   727 | D:1      | Reached skill level 1 in Summonings
  1361 | D:1      | Reached XP level 3. HP: 22/35 MP: 5/7
  2102 | D:2      | Reached skill level 5 in Fighting
  2282 | D:2      | Found a faded altar of an unknown god.
  2314 | D:2      | Identified the ring of Compulsion {Fire rElec rN+++ rCorr
                  | Str-5}
  2328 | D:2      | Reached XP level 4. HP: 42/42 MP: 8/8
  2478 | D:2      | Found Reabuova's Vocational Training.
  2660 | D:2      | Learned a level 3 spell: Call Canine Familiar
  2901 | D:3      | Found a bloodstained altar of Trog.
  3042 | D:3      | Identified the +1 leather armour of the Blessed Realm
                  | {Rampage rN+}
  3410 | D:4      | Reached XP level 5. HP: 22/48 MP: 7/9
  3684 | D:4      | Noticed a phantom
  3713 | D:4      | Killed a phantom
  3714 | D:4      | Reached skill level 6 in Fighting
  3750 | D:4      | Reached XP level 6. HP: 21/57 MP: 10/10
  4125 | D:4      | Found a staircase to the Ecumenical Temple.
  4328 | Temple   | Entered the Ecumenical Temple
  4467 | Temple   | Became a worshipper of Warmaster Okawaru
  4522 | D:4      | Quit the game

Illustrated notes

Levels and vault maps discovered:
D:1:      dpeg_arrival_court, layout_basic, st_stairs_11, minmay_misc_feat_room
D:2:      layout_rooms, shapermc_ecumenical_altar_venn, st_stairs_6,
          nicolae_shop_vocational
D:3:      layout_rooms, bloody_trog, chequers_serial_rivers_small_3
D:4:      layout_cave_pools, minmay_temple_entry_glass
Temple:   eino_wide_crystal_templ

Skill      XL: |  1  2  3  4  5 |
---------------+----------------+-----
Summonings     | 1 2 3 |  3.7
Fighting       | 5 6 |  6.3
Spellcasting   | |  3.0
Evocations     | |  3.8

Action                     |  1- 3 |  4- 6 || total
---------------------------+-------+-------++-------
  Melee: Club              |    30 |       ||    30
         Tailslap          |     9 |    10 ||    19
         Flail             |    60 |    76 ||   136
   Cast: Summon Small Mamm |    16 |    18 ||    34
  Evoke: Wand              |     4 |     4 ||     8
    Use: Scroll            |     2 |     1 ||     3
         Potion            |       |     1 ||     1
 Armour: Skin              |    34 |    53 ||    87
  Dodge: Dodged            |    91 |    67 ||   158
